 Dungeon Crawl Stone Soup version 0.28-a0-429-g1448048969 (webtiles) character file.

Game seed: 3382449140838455693

299 Devinter the Stinger (level 6, 0/32 HPs)
             Began as a Deep Elf Venom Mage on Sept 9, 2021.
             Killed by divine providence
             ... invoked by an orc priest
              (17 damage)
             ... on level 3 of the Dungeon on Sept 10, 2021.
             The game lasted 00:25:17 (2948 turns).

Devinter the Stinger (Deep Elf Venom Mage)          Turns: 2948, Time: 00:25:17

Health: 0/32       AC:  2    Str:  6    XL:     6   Next: 13%
Magic:  3/12       EV: 13    Int: 20    God:
Gold:   121        SH:  0    Dex: 16    Spells: 6/11 levels left

rFire   . . .      SeeInvis .   i - +1 dagger (flame)
rCold   . . .      Faith    .   (no shield)
rNeg    . . .      Spirit   .   a - +0 robe
rPois   .          Reflect  .   (no helmet)
rElec   .          Harm     .   (no cloak)
rCorr   .          Rampage  .   (no gloves)
Will    .....                   (no boots)
Stlth   ++........              (no amulet)
HPRegen 0.10/turn               (no ring)
MPRegen 0.13/turn               (no ring)

@: no status effects
A: no striking features
a: no special abilities


You were on level 3 of the Dungeon.
You visited 1 branch of the dungeon, and saw 3 of its levels.

You collected 121 gold pieces.

Inventory:

Hand Weapons
 i - a +1 dagger of flaming (weapon)
Missiles
 o - 45 arrows
 q - 4 poisoned darts
 r - 6 javelins
Armour
 a - a +0 robe (worn)
Jewellery
 d - an amulet of magic regeneration
Wands
 k - a wand of digging (5)
Scrolls
 c - a scroll of amnesia {unknown}
 h - a scroll of enchant armour {unknown}
 n - a scroll of enchant weapon {unknown}
 s - a scroll of identify {unknown}
Potions
 b - a potion of lignification {unknown}
 e - a potion of berserk rage {unknown}
 f - a potion of might {unknown}
 g - a potion of invisibility {unknown}
 j - a potion of resistance {unknown}
 l - a potion of ambrosia {unknown}
 m - a potion of mutation {unknown}
 p - a potion of magic {unknown}
 t - a potion of cancellation {unknown}


   Skills:
 - Level 3.0 Dodging
 - Level 3.0 Stealth
 - Level 3.0 Spellcasting
 + Level 2.7 Conjurations
 - Level 2.0 Transmutations
 + Level 6.3 Poison Magic


You had 6 spell levels left.
You knew the following spells:

 Your Spells              Type           Power      Damage    Failure   Level
a - Sting                 Tmut/Pois      76%        1d6       2%          1
b - Poisonous Vapours     Pois/Air       30%        N/A       6%          2
c - Searing Ray           Conj           28%        2d5       7%          2

Your spell library contained the following spells:

 Spells                   Type           Power      Damage    Failure   Level
 Magic Dart               Conj           56%        1d5       4%          1
 Olgreb's Toxic Radiance  Pois           28%        N/A       11%         4
 Mephitic Cloud           Conj/Pois/Air  15%        N/A       12%         3
 Fulminant Prism          Conj/Hex       4%         3d6       63%         4


Dungeon Overview and Level Annotations

Branches:
Dungeon (3/15)

Altars:
Dithmenos

Annotations:
D:3 1 runed translucent door


Message History

The sting hits the orc.
The orc is poisoned.
The orc is heavily wounded.
You hit the orc. You burn the orc.
You kill the orc!
Casting: Sting (safe; 2% risk of failure)
Confirm with . or Enter, or press ? or * to list all spells.
Aiming: Sting (safe; 2% risk of failure)
Press: ? - help, Shift-Dir - straight line, f - rat
Aim: a rat (74% to hit)
The sting hits the rat.
The rat is poisoned.
You kill the rat!
The orc priest shouts!
Casting: Sting (safe; 2% risk of failure)
Confirm with . or Enter, or press ? or * to list all spells.
Aiming: Sting (safe; 2% risk of failure)
Press: ? - help, Shift-Dir - straight line, f - orc priest
Aim: an orc priest, wielding a +0 club (74% to hit)
The sting hits the orc priest.
The orc priest is poisoned.
The orc priest is moderately wounded.
The orc priest hits you but does no damage.
Casting: Sting (safe; 2% risk of failure)
Confirm with . or Enter, or press ? or * to list all spells.
Aiming: Sting (safe; 2% risk of failure)
Press: ? - help, Shift-Dir - straight line, f/p - orc priest
Aim: an orc priest, wielding a +0 club (moderately wounded, poisoned, 74% to hit)
The sting hits the orc priest.
The orc priest looks even sicker.
The orc priest is heavily wounded.
The orc priest invokes the aid of Beogh against you.
Beogh smites you!
Casting: Sting (safe; 2% risk of failure)
Confirm with . or Enter, or press ? or * to list all spells.
Aiming: Sting (safe; 2% risk of failure)
Press: ? - help, Shift-Dir - straight line, f/p - orc priest
Aim: an orc priest, wielding a +0 club (severely wounded, very poisoned, 74% to hit)
The sting misses the orc priest.
* * * LOW MAGIC WARNING * * *
The orc priest invokes the aid of Beogh against you.
Beogh smites you!
Ouch! That really hurt!
You die...

.......#.# #
.......#.#
.......#.#
.......#.#
.......#.#
.......#.#
########.# # #.#
####.##.#+
#.######o@.......
#......)###.##..#
#######.# # #.#
#....# ###..# ..#
o# r.


You could see an orc priest (very poisoned).

Vanquished Creatures
  A scorpion (D:2)
  A hound (D:3)
  Terence (D:3)
  Jessica (D:2)
  An orc wizard (D:3)
  3 gnolls (D:3)
  4 adders
  3 worms (D:2)
  3 dart slugs
  2 orcs (D:3)
  6 bats
  3 endoplasms
  A giant cockroach (D:3)
  3 goblins
  4 hobgoblins
  2 quokkas (D:1)
  2 ball pythons (D:1)
  5 frilled lizards
  2 giant cockroach zombies (D:2)
  9 kobolds
  8 rats
65 creatures vanquished.

Vanquished Creatures (others)
  A withered plant (D:2)
1 creature vanquished.

Grand Total: 66 creatures vanquished

Notes
Turn   | Place    | Note
-------+----------+-------------------------------------------
     0 | D:1      | Devinter the Deep Elf Venom Mage began the quest for the
                  | Orb.
     0 | D:1      | Reached XP level 1. HP: 10/10 MP: 6/6
   377 | D:1      | Reached XP level 2. HP: 15/15 MP: 2/8
   728 | D:2      | Noticed Jessica
   731 | D:2      | Learned a level 2 spell: Poisonous Vapours
   733 | D:2      | Killed Jessica
   734 | D:2      | Reached skill level 3 in Dodging
   734 | D:2      | Reached skill level 3 in Stealth
   734 | D:2      | Reached skill level 2 in Transmutations
   734 | D:2      | Reached skill level 4 in Poison Magic
   734 | D:2      | Reached XP level 3. HP: 19/19 MP: 5/9
   793 | D:2      | Found a faded altar of an unknown god.
  1007 | D:2      | Noticed a scorpion
  1038 | D:2      | Killed a scorpion
  1039 | D:2      | Reached skill level 5 in Poison Magic
  1039 | D:2      | Reached XP level 4. HP: 12/24 MP: 0/10
  1364 | D:2      | Learned a level 2 spell: Searing Ray
  1470 | D:2      | Reached XP level 5. HP: 28/28 MP: 3/11
  1732 | D:2      | Upgraded the game from 0.28-a0-425-gd0eccab798 to
                  | 0.28-a0-429-g1448048969
  2013 | D:3      | Reached skill level 1 in Conjurations
  2020 | D:3      | Found a shadowy altar of Dithmenos.
  2575 | D:3      | Reached skill level 2 in Conjurations
  2575 | D:3      | Reached skill level 6 in Poison Magic
  2877 | D:3      | Noticed Terence
  2891 | D:3      | Killed Terence
  2892 | D:3      | Reached XP level 6. HP: 29/32 MP: 7/12
  2942 | D:3      | Found a runed translucent door.
  2948 | D:3      | Killed from afar by an orc priest

Illustrated notes

Levels and vault maps discovered:
D:1:      dpeg_arrival_water_fire, layout_basic, grunt_decor_junction
D:2:      layout_loops_corners, basic_ecumenical_altar, serial_undead,
          serial_undead_e, serial_undead_e, serial_undead_e, serial_undead_b,
          minmay_tiny_reverse_x, uniq_jessica
D:3:      layout_basic, nicolae_dithmenos_shadow_blocks, ebering_ghost_sewer_d,
          uniq_terence

Skill      XL: |  1  2  3  4  5 |
---------------+----------------+-----
Dodging        | 3 |  3.0
Stealth        | 3 |  3.0
Transmutations | 2 |  2.0
Poison Magic   | 4 5 6 |  6.3
Conjurations   | 2 |  2.7
Spellcasting   | |  3.0

Action                   |  1- 3 |  4- 6 || total
-------------------------+-------+-------++-------
Melee: Unarmed           |     1 |       ||     1
       Dagger            |     6 |    23 ||    29
 Cast: Sting             |    52 |    65 ||   117
       Poisonous Vapours |     2 |     2 ||     4
       Searing Ray       |       |     1 ||     1
  Use: Potion            |     2 |       ||     2
 Stab: Sleeping          |       |     1 ||     1
Armor: Robe              |     6 |     6 ||    12
Dodge: Dodged            |     6 |    21 ||    27

Table legend: (Time is in decaauts)
 A = Elapsed time spent in this place.
 B = Non-inter-level travel time spent in this place.
 C = Inter-level travel time spent in this place.
 D = Time resting spent in this place.
 E = Time spent auto-exploring this place.
 F = Levels seen in this place.
 G = Mean time per level.
                   A        B        C        D        E       F      G
               +--------+--------+--------+--------+--------+-----+--------+
         Total |   2947 |   2888 |     59 |    778 |    330 |   3 |  982.3 |
       Dungeon |   2947 |   2888 |     59 |    778 |    330 |   3 |  982.3 |
               +--------+--------+--------+--------+--------+-----+--------+

Top non-repeatable levels by time:
     D:2: 1250 daAuts
     D:3: 976 daAuts
     D:1: 720 daAuts
